 Dungeon Crawl Stone Soup version 0.28-a0-1241-gf280a0fbb2 (webtiles) character file.

Game seed: 4901616816009553929

182 Gargoyl the Skirmisher (level 5, -9/70 HPs)
             Began as a Gnoll Abyssal Knight on Dec 26, 2021.
             Was a Believer of Lugonu.
             Killed by divine providence
             ... invoked by an orc priest
              (12 damage)
             ... on level 5 of the Dungeon.
             The game lasted 00:04:11 (2856 turns).

Gargoyl the Skirmisher (Gnoll Abyssal Knight)       Turns: 2856, Time: 00:04:11

Health: -9/70      AC: 22    Str: 14    XL:     5   Next: 61%
Magic:  8/8        EV:  2    Int: 10    God:    Lugonu [**....]
Gold:   173        SH:  0    Dex: 12    Spells: 7/7 levels left

rFire   . . .      SeeInvis .   l - +1 scimitar (elec)
rCold   . . .      Faith    .   (no shield)
rNeg    . . .      Spirit   .   (armour currently unavailable)
rPois   +          Reflect  .   (helmet currently unavailable)
rElec   .          Harm     .   (cloak currently unavailable)
rCorr   .          Rampage  .   (gloves currently unavailable)
Will    .....      Clarity  +   (boots currently unavailable)
Stlth   ++........ NoTele   +   (no amulet)
HPRegen 0.21/turn               (no ring)
MPRegen 0.11/turn               (no ring)

@: mighty, tree-form
A: stationary, stasis, torment immunity, boosted hp, (fangs 1), strong nose,
distributed training, clarity, (fire resistance 1)
a: Renounce Religion, Depart the Abyss, Bend Space


You were on level 5 of the Dungeon.
You worshipped Lugonu.
Lugonu was pleased with you.
You were a tree.
You visited 1 branch of the dungeon, and saw 5 of its levels.
You visited the Abyss 1 time.

You collected 173 gold pieces.

Inventory:

Hand Weapons
 a - a +1 hand axe
 l - a +1 scimitar of electrocution (weapon)
Missiles
 j - 14 poisoned darts (quivered)
Armour
 d - the +0 chain mail "Qazicougg" (melded) {Dex+4}
   (You found it on level 2 of the Abyss)

   Dex:       It affects your dexterity (+4).
 f - a +1 pair of boots (melded)
Scrolls
 g - a scroll of vulnerability {unknown}
 k - a scroll of identify
Potions
 b - a potion of haste
 c - a potion of curing
 e - a potion of flight


   Skills:
 + Level 6.7 Fighting
 + Level 1.5 Short Blades
 + Level 1.5 Long Blades
 + Level 4.8 Axes
 + Level 1.5 Maces & Flails
 + Level 1.5 Polearms
 + Level 1.5 Staves
 + Level 1.5 Slings
 + Level 1.5 Bows
 + Level 1.5 Crossbows
 + Level 1.5 Throwing
 + Level 4.8 Armour
 + Level 3.0 Dodging
 + Level 1.5 Stealth
 + Level 1.5 Shields
 + Level 1.5 Unarmed Combat
 + Level 1.5 Spellcasting
 + Level 1.2 Conjurations
 + Level 1.2 Hexes
 + Level 1.2 Summonings
 + Level 1.2 Necromancy
 + Level 1.2 Translocations
 + Level 1.2 Transmutations
 + Level 1.2 Fire Magic
 + Level 1.2 Ice Magic
 + Level 1.2 Air Magic
 + Level 1.2 Earth Magic
 + Level 1.2 Poison Magic
 + Level 4.9 Invocations
 + Level 1.5 Evocations


You had 7 spell levels left.
You didn't know any spells.
Your spell library contained the following spells:

 Spells                   Type           Power      Damage    Failure   Level
 Blink                    Tloc           6%         N/A       30%         2
 Lesser Beckoning         Tloc           3%         N/A       52%         3
 Manifold Assault         Tloc           3%         N/A       99%         5


Dungeon Overview and Level Annotations

Branches:
Dungeon (5/15)
 Temple: D:4-7

Altars:
Sif Muna

Shops:
D:3 (


Innate Abilities, Weirdness & Mutations

You are a tree.
Your roots penetrate the ground, keeping you stationary.
You cannot be teleported.
You are immune to unholy pain and torment.
Your maximum health is greatly increased.
Your equipment is partially melded.
((You have very sharp teeth.))
Your uncanny sense of smell can sniff out nearby items.
Your experience applies equally to all skills.
You possess an exceptional clarity of mind.
((Your flesh is heat resistant. (rF+)))


Message History

Unknown command.
It was a potion of flight.
You feel very buoyant.
You fly up into the air.
The orc wizard gestures wildly while chanting.
The orc wizard flickers and vanishes!
Deactivating autopickup; reactivate with Ctrl-A.
The orc hits you with a +0 hand axe.
* * * LOW HITPOINT WARNING * * *
It was a potion of might.
You feel very mighty all of a sudden. The orc hits you but does no damage. x2
It was a potion of lignification.
You turn into a tree.
Your +1 pair of boots melds into your body.
The +0 chain mail "Qazicougg" {Dex+4} melds into your body.
Your roots penetrate the ground.
The orc hits you but does no damage.
You closely miss the orc. The orc hits you but does no damage. x2
Unknown command.
You hit the orc. Lightning courses through the orc!
You kill the orc!
Lugonu accepts your kill.
The orc priest begins to cast a cantrip, but forgets the words!
Unknown command.
You cannot move.
Unknown command.
Throw: 15 darts (poison)
Press: ? - help, Q - select action, (/) - cycle Shift-Dir - straight line, f - orc priest
Aim: an orc priest, wielding a +0 flail and wearing a +4 scale mail (lightly wounded, 64% to hit)
You throw a poisoned dart. The poisoned dart hits the orc priest.
The orc priest is poisoned.
The orc priest is lightly wounded.
You slash the orc priest!
The orc priest is severely wounded.
The orc priest hits you with a +0 flail.
* * * LOW HITPOINT WARNING * * *
You barely miss the orc priest.
The orc priest is severely wounded.
The orc priest calls down the wrath of Beogh upon you.
Beogh smites you!
You die...

#.#
#.#
#.#
#.#
##.#
#..#
#.##
#.#
#♣#
#o#
#{#
#.#
...
###


You could see an orc priest (poisoned).

Vanquished Creatures
  A howler monkey (D:2)
  Jessica (D:2)
  4 adders
  2 dart slugs (D:2)
  7 orcs
  8 bats
  10 endoplasms
  6 goblins
  6 hobgoblins
  4 jackals (D:2)
  2 quokkas
  3 ball pythons (D:1)
  6 frilled lizards
  3 kobolds
  4 rats
67 creatures vanquished.

Vanquished Creatures (others)
  4 withered plants (D:1)
4 creatures vanquished.

Grand Total: 71 creatures vanquished

Notes
Turn   | Place    | Note
-------+----------+-------------------------------------------
     0 | Abyss:1  | Gargoyl the Gnoll Abyssal Knight began the quest for the
                  | Orb.
     0 | Abyss:1  | Reached XP level 1. HP: 23/23 MP: 3/3
    14 | Abyss:2  | Found a corrupted altar of Lugonu.
    25 | Abyss:2  | Identified the +0 chain mail "Qazicougg" {Dex+4}
    69 | Abyss:2  | Gained mutation: Your flesh is heat resistant. (rF+)
                  | [potion of mutation]
    69 | Abyss:2  | Gained mutation: You possess an exceptional clarity of
                  | mind. [potion of mutation]
    77 | Abyss:2  | Noticed an orc sorcerer
    79 | D:1      | Escaped the Abyss
   168 | D:1      | Reached XP level 2. HP: 19/29 MP: 5/5
   284 | D:1      | Reached * piety under Lugonu
   632 | D:1      | Found a faded altar of an unknown god.
   647 | D:1      | Reached XP level 3. HP: 35/35 MP: 6/6
  1394 | D:2      | Noticed Jessica
  1400 | D:2      | Killed Jessica
  1401 | D:2      | Reached skill level 1 in Short Blades
  1401 | D:2      | Reached skill level 1 in Long Blades
  1401 | D:2      | Reached skill level 1 in Maces & Flails
  1401 | D:2      | Reached skill level 1 in Polearms
  1401 | D:2      | Reached skill level 1 in Staves
  1401 | D:2      | Reached skill level 1 in Slings
  1401 | D:2      | Reached skill level 1 in Bows
  1401 | D:2      | Reached skill level 1 in Crossbows
  1401 | D:2      | Reached skill level 1 in Throwing
  1401 | D:2      | Reached skill level 1 in Stealth
  1401 | D:2      | Reached skill level 1 in Shields
  1401 | D:2      | Reached skill level 1 in Unarmed Combat
  1401 | D:2      | Reached skill level 1 in Spellcasting
  1401 | D:2      | Reached skill level 1 in Evocations
  1401 | D:2      | Reached XP level 4. HP: 39/41 MP: 7/7
  1463 | D:2      | Found a shimmering blue altar of Sif Muna.
  1488 | D:2      | Reached skill level 1 in Conjurations
  1488 | D:2      | Reached skill level 1 in Hexes
  1488 | D:2      | Reached skill level 1 in Summonings
  1488 | D:2      | Reached skill level 1 in Necromancy
  1488 | D:2      | Reached skill level 1 in Translocations
  1488 | D:2      | Reached skill level 1 in Transmutations
  1488 | D:2      | Reached skill level 1 in Fire Magic
  1488 | D:2      | Reached skill level 1 in Ice Magic
  1488 | D:2      | Reached skill level 1 in Air Magic
  1488 | D:2      | Reached skill level 1 in Earth Magic
  1488 | D:2      | Reached skill level 1 in Poison Magic
  1584 | D:2      | Reached XP level 5. HP: 41/47 MP: 8/8
  1589 | D:2      | Reached ** piety under Lugonu
  2554 | D:3      | Found Ulafeps's Weapon Emporium.
  2556 | D:3      | You fall into a shaft and drop 2 floors!
  2556 | D:5      | Entered Level 5 of the Dungeon
  2596 | D:4      | Identified the +2 ring mail of Gyax {rElec rF+ rC-}
  2596 | D:4      | Noticed a phantom
  2849 | D:5      | HP: 2/47 [orc (4)]
  2855 | D:5      | HP: 2/70 [orc priest (2)]
  2856 | D:5      | Killed from afar by an orc priest

Illustrated notes

Levels and vault maps discovered:
D:1:      dpeg_arrival_leaves_temple_mockup, layout_basic,
          ebering_ecumenical_altar_petrified, chequers_hall_statues_corner_a,
          minmay_lizard_pond
D:2:      layout_basic, basic_altar, minmay_goblin_outpost, uniq_jessica
D:3:      layout_rooms, serial_shops, nicolae_shop_bloodbath_and_beyond
D:4:      layout_cave_pools, nicolae_uskayaw_murder_on_the_dancefloor,
          supply_closet_lemuel
D:5:      minmay_diamond_boxcup, layout_loops_ring,
          minmay_temple_entry_offerings

Skill      XL: |  1  2  3  4  5 |
---------------+----------------+-----
Short Blades   | 1 |  1.5
Long Blades    | 1 |  1.5
Maces & Flails | 1 |  1.5
Polearms       | 1 |  1.5
Staves         | 1 |  1.5
Slings         | 1 |  1.5
Bows           | 1 |  1.5
Crossbows      | 1 |  1.5
Throwing       | 1 |  1.5
Stealth        | 1 |  1.5
Shields        | 1 |  1.5
Unarmed Combat | 1 |  1.5
Spellcasting   | 1 |  1.5
Evocations     | 1 |  1.5
Conjurations   | 1 |  1.2
Hexes          | 1 |  1.2
Summonings     | 1 |  1.2
Necromancy     | 1 |  1.2
Translocations | 1 |  1.2
Transmutations | 1 |  1.2
Fire Magic     | 1 |  1.2
Ice Magic      | 1 |  1.2
Air Magic      | 1 |  1.2
Earth Magic    | 1 |  1.2
Poison Magic   | 1 |  1.2
Dodging        | 3 |  3.0
Fighting       | |  6.7
Axes           | |  4.8
Armour         | |  4.8
Invocations    | |  4.9

Action                   |  1- 3 |  4- 6 || total
-------------------------+-------+-------++-------
Melee: Hand axe          |    75 |    30 ||   105
       Bite              |     8 |     2 ||    10
       Scimitar          |       |    59 ||    59
Throw: Dart              |       |     3 ||     3
Invok: Depart the Abyss  |     1 |       ||     1
  Use: Scroll            |     5 |     2 ||     7
       Potion            |     1 |     4 ||     5
Armor: Chain mail        |    82 |   111 ||   193
       Skin              |       |     3 ||     3
Dodge: Dodged            |    46 |    52 ||    98

Table legend: (Time is in decaauts)
 A = Elapsed time spent in this place.
 B = Non-inter-level travel time spent in this place.
 C = Inter-level travel time spent in this place.
 D = Time resting spent in this place.
 E = Time spent auto-exploring this place.
 F = Levels seen in this place.
 G = Mean time per level.
                   A        B        C        D        E       F      G
               +--------+--------+--------+--------+--------+-----+--------+
         Total |   2882 |   2841 |     41 |    276 |   1861 |   7 |  411.7 |
       Dungeon |   2804 |   2763 |     41 |    276 |   1845 |   5 |  560.8 |
         Abyss |     78 |     78 |      0 |      0 |     16 |   2 |   39.0 |
               +--------+--------+--------+--------+--------+-----+--------+

Top non-repeatable levels by time:
     D:1: 1240 daAuts
     D:2: 810 daAuts
     D:3: 447 daAuts
     D:5: 296 daAuts
 Abyss:2: 64 daAuts
 Abyss:1: 14 daAuts
     D:4: 8 daAuts
